 Dungeon Crawl Stone Soup version 0.28-a0-750-g7c675f85b1 (webtiles) character file.

Game seed: 5328593727417708832

46 ytrimaz the Skirmisher (level 3, -1/45 HPs)
             Began as a Demonspawn Berserker on Oct 30, 2021.
             Was a Follower of Trog.
             Frozen to death by an endoplasm (4 damage)
             ... on level 2 of the Dungeon.
             The game lasted 00:02:05 (1815 turns).

ytrimaz the Skirmisher (Demonspawn Berserker)       Turns: 1815, Time: 00:02:05

Health: -1/45      AC:  2    Str: 18    XL:     3   Next: 46%
Magic:  3/3        EV:  9    Int:  8    God:    Trog [*.....]
Gold:   95         SH:  0    Dex: 12    Spells: 2/2 levels left

rFire   . . .      SeeInvis .   a - +0 short sword
rCold   . . .      Faith    .   (no shield)
rNeg    . . .      Spirit   .   b - +0 animal skin
rPois   .          Reflect  .   (no helmet)
rElec   .          Harm     .   (no cloak)
rCorr   .          Rampage  .   (no gloves)
Will    ++...                   (no boots)
Stlth   ..........              (no amulet)
HPRegen 1.15/turn               (no ring)
MPRegen 0.08/turn               (no ring)

@: berserking, lethally poisoned (-1 -> -2), strong-willed, regenerating,
constricted, very quick
A: hooves 1
a: Renounce Religion, Berserk


You were on level 2 of the Dungeon.
You worshipped Trog.
Trog was aware of your devotion.
You visited 1 branch of the dungeon, and saw 2 of its levels.

You collected 95 gold pieces.

Inventory:

Hand Weapons
 a - a +0 short sword (weapon)
Armour
 b - a +0 animal skin (worn)
Potions
 d - a potion of curing {unknown}


   Skills:
 + Level 4.1 Fighting
 - Level 2.6 Short Blades
 * Level 2.4 Armour
 - Level 1.7 Dodging


You had 2 spell levels left.
You didn't know any spells.
Your spell library was empty.

Dungeon Overview and Level Annotations

Branches:
Dungeon (2/15)

Altars:

Shops:
D:1 [[=*(


Innate Abilities, Weirdness & Mutations

You have large cloven feet.


Message History

You closely miss the adder.
The adder is severely wounded.
You feel sick. The adder bites you.
You are more poisoned.
The adder poisons you! The ball python bites you.
The ball python constricts you. The adder completely misses you.
You hit the adder.
You kill the adder!
Trog accepts your kill.
You feel very sick.
The ball python bites you but does no damage.
The ball python constricts you. The ball python closely misses you.
The ball python constricts you.
Unknown command.
Your skin crawls.
You feel strong-willed.
You can no longer call upon Trog for regeneration and willpower.
You feel sick. The ball python barely misses you.
The ball python constricts you. The endoplasm freezes you.
You are frozen.
* * * LOW HITPOINT WARNING * * *
You hit the endoplasm.
The endoplasm is severely wounded.
You feel sick. The ball python bites you.
* * * LOW HITPOINT WARNING * * *
The ball python constricts you. The endoplasm freezes you.
You are frozen.
* * * LOW HITPOINT WARNING * * *
Unknown command.
A red film seems to cover your vision as you go berserk!
You feel yourself moving faster!
You feel mighty!
You feel sick. The ball python bites you.
* * * LOW HITPOINT WARNING * * *
The ball python constricts you.
* * * LOW HITPOINT WARNING * * *
The endoplasm freezes you.
You are frozen.
You die...

.......##..#######
.....##..######## #
...#.........>#
##.###.#...######.#
##..........#
....S.......#
..#####.#.### #S#.#
#@#.# #J#.. #.#.#
..#.# ... ####


You could see an endoplasm and a ball python.

Vanquished Creatures
  An adder (D:2)
  A dart slug (D:1)
  3 endoplasms (D:1)
  2 giant cockroaches (D:1)
  A goblin (D:2)
  5 hobgoblins (D:1)
  8 jackals (D:1)
  2 kobolds (D:1)
  2 ball pythons (D:1)
  3 bats (D:1)
  2 rats (D:1)
30 creatures vanquished.

Notes
Turn   | Place    | Note
-------+----------+-------------------------------------------
     0 | D:1      | ytrimaz the Demonspawn Berserker began the quest for the
                  | Orb.
     0 | D:1      | Reached XP level 1. HP: 18/18 MP: 1/1
     6 | D:1      | Found Qoeqacw's Antique Armour Emporium.
   287 | D:1      | Gained mutation: You have large cloven feet. [demonic
                  | ancestry]
   287 | D:1      | Reached XP level 2. HP: 8/24 MP: 2/2
   494 | D:1      | Found Jarphym's Armour Emporium.
   891 | D:1      | Found Cattiomn's Antique Weapon Boutique.
   909 | D:1      | Reached ** piety under Trog
   970 | D:1      | Found Rab Abuu's General Store.
   980 | D:1      | Found Hogol's Jewellery Shop.
  1243 | D:1      | Reached XP level 3. HP: 29/30 MP: 3/3
  1380 | D:1      | Found a faded altar of an unknown god.
  1634 | D:1      | Reached skill level 4 in Fighting
  1815 | D:2      | Frozen to death by an endoplasm

Illustrated notes

Levels and vault maps discovered:
D:1:      minmay_arrival_four_circles, layout_basic, serial_shops, shop,
          nicolae_shop_trees, nicolae_shop_temple_entry_statues_fountains,
          shop_statue, shop, shapermc_ecumenical_altar_acropolis
D:2:      layout_loops_ring, nrook_mini_vaults, uniq_natasha

Skill      XL: |  1  2  3 |
---------------+----------+-----
Armour         | 2 |  2.4
Fighting       | 4 |  4.1
Short Blades   | |  2.6
Dodging        | |  1.7

Action                   || total
-------------------------++-------
Melee: Short sword       ||    94
       Kick              ||    19
Invok: Berserk           ||     2
       Trog's Hand       ||     1
  Use: Scroll            ||     1
Armor: Animal skin       ||    25
Dodge: Dodged            ||    82

Table legend: (Time is in decaauts)
 A = Elapsed time spent in this place.
 B = Non-inter-level travel time spent in this place.
 C = Inter-level travel time spent in this place.
 D = Time resting spent in this place.
 E = Time spent auto-exploring this place.
 F = Levels seen in this place.
 G = Mean time per level.
                   A        B        C        D        E       F      G
               +--------+--------+--------+--------+--------+-----+--------+
         Total |   1823 |   1810 |     13 |    298 |   1273 |   2 |  911.5 |
       Dungeon |   1823 |   1810 |     13 |    298 |   1273 |   2 |  911.5 |
               +--------+--------+--------+--------+--------+-----+--------+

Top non-repeatable levels by time:
     D:1: 1779 daAuts
     D:2: 43 daAuts
